 Dungeon Crawl Stone Soup version 0.31-a0-986-g5e6e4ef867 (webtiles) character file.

Game seed: 11094184968411725797

1373 Iich the Ruffian (level 8, -2/91 HPs)
             Began as a Gnoll Shapeshifter on Nov 24, 2023.
             Was an Initiate of Uskayaw.
             Succumbed to a gnoll sergeant's poison
             ... on level 7 of the Dungeon.
             The game lasted 00:14:23 (7294 turns).

Iich the Ruffian (Gnoll Shapeshifter)               Turns: 7294, Time: 00:14:24

Health: -2/91      AC:  4    Str: 15    XL:     8   Next: 66%
Magic:  7/13       EV: 13    Int: 11    God:    Uskayaw [......]
Gold:   2011       SH:  0    Dex: 11    Spells: 14/14 levels left

rFire   . . .        o - +2 short sword (venom)
rCold   + . .        (no shield)
rNeg    . . .        g - +1 leather armour {rC+}
rPois   .            (helmet currently unavailable)
rElec   .            (cloak currently unavailable)
rCorr   .            (gloves currently unavailable)
SInv    .            (boots currently unavailable)
Will    .....        (no amulet) Stlth
                     (no ring)
HPRegen 0.35/turn    (no ring)
MPRegen 0.13/turn

%: no passive effects
@: berserking, lethally poisoned (-2 -> -12), beast-form, very quick
A: beast (slay +4), fangs 1, strong nose, distributed training
a: Begin Untransformation, Renounce Religion


You were on level 7 of the Dungeon.
You worshipped Uskayaw.
Uskayaw was noncommittal.
You were a hulking beast.
You visited 2 branches of the dungeon, and saw 8 of its levels.

You collected 2011 gold pieces.

Inventory:

Hand Weapons
 m - a +0 vampiric dagger
 o - a +2 short sword of venom (weapon)
Armour
 a - a +0 animal skin
 g - a +1 leather armour of cold resistance (worn)
Jewellery
 f - an amulet of faith
Talismans
 c - a beast talisman (active)
 d - a flux talisman
Wands
 n - a wand of acid (10)
 r - a wand of flame (12)
 D - a wand of roots (5)
Scrolls
 e - 3 scrolls of poison
 h - 2 scrolls of vulnerability
 j - 2 scrolls of enchant armour
 k - a scroll of amnesia
 p - 3 scrolls of immolation
 t - a scroll of teleportation
 u - a scroll of revelation
 v - 2 scrolls of fog
 x - a scroll of torment {unknown}
 B - a scroll of blinking
 C - a scroll of noise {unknown}
Potions
 b - 4 potions of lignification
 i - 2 potions of brilliance {unknown}
 l - a potion of enlightenment
 q - 3 potions of curing
 s - a potion of haste {unknown}
 w - a potion of berserk rage
 z - 2 potions of mutation {unknown}
 A - a potion of might {unknown}


   Skills:
 + Level 4.4 Fighting
 + Level 3.5 Short Blades
 + Level 3.5 Long Blades
 + Level 3.5 Axes
 + Level 3.5 Maces & Flails
 + Level 3.5 Polearms
 + Level 3.5 Staves
 + Level 3.5 Ranged Weapons
 + Level 3.5 Throwing
 + Level 3.5 Armour
 + Level 5.8 Dodging
 + Level 3.5 Stealth
 + Level 3.5 Shields
 + Level 7.5 Unarmed Combat
 + Level 3.5 Spellcasting
 + Level 2.9 Conjurations
 + Level 2.9 Hexes
 + Level 2.9 Summonings
 + Level 2.9 Necromancy
 + Level 2.9 Translocations
 + Level 2.9 Transmutations
 + Level 2.9 Fire Magic
 + Level 2.9 Ice Magic
 + Level 2.9 Air Magic
 + Level 2.9 Earth Magic
 + Level 2.9 Poison Magic
 + Level 3.9 Invocations
 + Level 3.5 Evocations
 + Level 7.3 Shapeshifting


You had 14 spell levels left.
You didn't know any spells.
Your spell library contained the following spells:

 Spells                   Type           Power      Damage    Failure   Level
 Summon Small Mammal      Summ           32%        N/A       10%         1
 Call Canine Familiar     Summ           8%         N/A       28%         3
 Dazzling Flash           Conj/Hex       16%        N/A       28%         3
 Summon Guardian Golem    Hex/Summ       8%         N/A       28%         3
 Agony                    Necr           8%         N/A       95%         5
 Silence                  Hex/Air        4%         N/A       95%         5


Dungeon Overview and Level Annotations

Branches:
Dungeon (7/15)             Temple (1/1) D:5

Altars:
Dithmenos
Fedhas
Hepliaklqana
Kikubaaqudgha
Makhleb
Nemelex Xobeh
Okawaru
Qazlal
Sif Muna
Trog
Uskayaw
Vehumet
Wu Jian
Xom
Yredelemnul
Zin
The Shining One


Innate Abilities, Weirdness & Mutations

You are a hulking beast.
Your limbs bulge with bestial killing power. (Slay +4)
You have very sharp teeth.
Your uncanny sense of smell can sniff out nearby items.
Your experience applies equally to all skills.


Message History

You are more poisoned.
The gnoll hits you with a +0 club.
* * * LOW HITPOINT WARNING * * *
The ice beast hits you but does no damage.
You can now stomp with the beat.
You take 11 damage, and have 35/61 hp.
You now have 10/13 mp.
You stomp with the beat, sending a shockwave through the revellers around you!
The scorpion is moderately wounded.
The gnoll is almost dead.
The ice beast is almost dead.
You can no longer stomp with the beat.
You feel very sick. The scorpion misses you.
The gnoll sergeant hits you from afar with a +4 spear of venom!
* * * LOW HITPOINT WARNING * * *
You are more poisoned.
The gnoll barely misses you. The ice beast hits you.
* * * LOW HITPOINT WARNING * * *
The ice beast freezes you. You resist.
* * * LOW HITPOINT WARNING * * *
The gnoll hits you from afar with a +0 halberd!
* * * LOW HITPOINT WARNING * * *
You take 32 damage, and have 3/61 hp. !!!!--MASSIVE DAMAGE--!!!!
You now have 7/13 mp.
You feel better. The scorpion barely misses you.
The gnoll sergeant hits you from afar with a +4 spear of venom.
* * * LOW HITPOINT WARNING * * *
You are lethally poisoned!
The gnoll hits you with a +0 club.
* * * LOW HITPOINT WARNING * * *
The gnoll hits you with a +0 club.
* * * LOW HITPOINT WARNING * * *
The ice beast hits you.
* * * LOW HITPOINT WARNING * * *
The ice beast freezes you. You resist.
* * * LOW HITPOINT WARNING * * *
The gnoll closely misses you.
You take 2 damage, and have 1/61 hp.
A red film seems to cover your vision as you go berserk!
You feel yourself moving faster!
You feel mighty!
You die...

#.(....∆ ##.....
##..#.. #.....## #
##/.....#.#.
...........
######.gYJ.....
##.##...hsg.....
##...#....gg.....
###....#...........
#.....##...........
##.................
###...............
#...........#....
#...........##...
#......##.......


You could see an ice beast (poisoned), a gnoll sergeant, a scorpion, a jelly and
3 gnolls.

Vanquished Creatures
  A water moccasin (D:4)
  2 black bears
  3 ogres
  A phantom (D:5)
  3 scorpions
  3 hounds
  A jelly (D:6)
  A gnoll bouda (D:5)
  2 orc priests
  3 sleepcaps
  2 iguanas (D:5)
  7 gnolls
  7 adders
  A shadow imp (D:5)
  A white imp (D:5)
  2 dart slugs
  A worm (D:5)
  8 orcs
  7 ball pythons
  4 bats
  3 endoplasms
  2 giant cockroaches
  7 goblins
  7 hobgoblins
  9 jackals
  4 quokkas
  A frilled lizard (D:2)
  7 kobolds
  6 rats
106 creatures vanquished.

Notes
Turn   | Place    | Note
-------+----------+-------------------------------------------
     0 | D:1      | Iich the Gnoll Shapeshifter began the quest for the Orb.
     0 | D:1      | Reached XP level 1. HP: 17/17 MP: 1/1
   282 | D:1      | Reached XP level 2. HP: 18/23 MP: 2/2
   573 | D:1      | Reached XP level 3. HP: 28/28 MP: 3/3
   737 | D:1      | Reached skill level 1 in Invocations
   966 | D:2      | Reached skill level 1 in Short Blades
   966 | D:2      | Reached skill level 1 in Long Blades
   966 | D:2      | Reached skill level 1 in Axes
   966 | D:2      | Reached skill level 1 in Maces & Flails
   966 | D:2      | Reached skill level 1 in Polearms
   966 | D:2      | Reached skill level 1 in Staves
   966 | D:2      | Reached skill level 1 in Ranged Weapons
   966 | D:2      | Reached skill level 1 in Throwing
   966 | D:2      | Reached skill level 1 in Armour
   966 | D:2      | Reached skill level 1 in Stealth
   966 | D:2      | Reached skill level 1 in Shields
   966 | D:2      | Reached skill level 1 in Spellcasting
   966 | D:2      | Reached skill level 1 in Evocations
  1064 | D:2      | Reached XP level 4. HP: 34/34 MP: 5/5
  1494 | D:2      | Reached skill level 1 in Conjurations
  1494 | D:2      | Reached skill level 1 in Hexes
  1494 | D:2      | Reached skill level 1 in Summonings
  1494 | D:2      | Reached skill level 1 in Necromancy
  1494 | D:2      | Reached skill level 1 in Translocations
  1494 | D:2      | Reached skill level 1 in Transmutations
  1494 | D:2      | Reached skill level 1 in Fire Magic
  1494 | D:2      | Reached skill level 1 in Ice Magic
  1494 | D:2      | Reached skill level 1 in Air Magic
  1494 | D:2      | Reached skill level 1 in Earth Magic
  1494 | D:2      | Reached skill level 1 in Poison Magic
  1546 | D:2      | Found a faded altar of an unknown god.
  2730 | D:4      | Found a blossoming altar of Fedhas.
  2731 | D:4      | Noticed a scorpion
  2738 | D:4      | Killed a scorpion
  2739 | D:4      | Reached XP level 5. HP: 32/41 MP: 5/7
  2953 | D:4      | Noticed a water moccasin
  2971 | D:4      | HP: 1/41 [water moccasin (8)]
  2974 | D:4      | Killed a water moccasin
  2975 | D:4      | Reached skill level 5 in Dodging
  2975 | D:4      | Reached XP level 6. HP: 11/47 MP: 8/8
  3898 | D:4      | Reached XP level 7. HP: 19/52 MP: 10/10
  5304 | D:5      | Entered Level 5 of the Dungeon
  5820 | D:5      | Reached XP level 8. HP: 57/60 MP: 12/12
  6140 | D:5      | Found a staircase to the Ecumenical Temple.
  6165 | Temple   | Entered the Ecumenical Temple
  6218 | Temple   | Became a worshipper of Uskayaw the Reveller
  6271 | D:5      | Reached * piety under Uskayaw
  6594 | D:6      | Reached ** piety under Uskayaw
  7243 | D:6      | Identified 2 scrolls of acquirement
  7243 | D:6      | Acquired 1028 gold pieces
  7244 | D:6      | Acquired 596 gold pieces
  7292 | D:7      | HP: 3/61 [gnoll/+0 halberd[a gnoll sergeant] (13)]
  7293 | D:7      | HP: 1/61 [ice beast (4)]
  7294 | D:7      | Succumbed to a gnoll sergeant's poison

Illustrated notes

Levels and vault maps discovered:
D:1:      dpeg_arrival_tiny_f, layout_loops_ring, ebering_dispersal_statue_hall,
          chequers_serial_rivers_small_a, due_unseen_surprise
D:2:      kb_forest_paths, layout_basic, serial_corexii_hall,
          corexii_hall_statues_deadend, corexii_hall_statues_l,
          shapermc_ecumenical_altar_flowoftime, st_stairs_9,
          minmay_pentomino_pile
D:3:      layout_basic
D:4:      layout_basic, mainiacjoe_overflow_paths, dreamdust_gnoll_farm
D:5:      layout_basic, temple_pool_b
D:6:      layout_rooms, hangedman_abyss_or_decor_stagger
D:7:      layout_cave_pools, evilmike_ruin_ashenzari
Temple:   compressed_dpeg_triangle_lava_temple

Skill      XL: |  1  2  3  4  5  6  7  8 |
---------------+-------------------------+-----
Invocations    | 1 2 3 |  3.9
Short Blades   | 1 2 3 |  3.5
Long Blades    | 1 2 3 |  3.5
Axes           | 1 2 3 |  3.5
Maces & Flails | 1 2 3 |  3.5
Polearms       | 1 2 3 |  3.5
Staves         | 1 2 3 |  3.5
Ranged Weapons | 1 2 3 |  3.5
Throwing       | 1 2 3 |  3.5
Armour         | 1 2 3 |  3.5
Stealth        | 1 2 3 |  3.5
Shields        | 1 2 3 |  3.5
Spellcasting   | 1 2 3 |  3.5
Evocations     | 1 2 3 |  3.5
Conjurations   | 1 2 |  2.9
Hexes          | 1 2 |  2.9
Summonings     | 1 2 |  2.9
Necromancy     | 1 2 |  2.9
Translocations | 1 2 |  2.9
Transmutations | 1 2 |  2.9
Fire Magic     | 1 2 |  2.9
Ice Magic      | 1 2 |  2.9
Air Magic      | 1 2 |  2.9
Earth Magic    | 1 2 |  2.9
Poison Magic   | 1 2 |  2.9
Fighting       | 3 4 |  4.4
Dodging        | 5 |  5.8
Unarmed Combat | 7 |  7.5
Shapeshifting  | 7 |  7.3

Action                     |  1- 3 |  4- 6 |  7- 9 || total
---------------------------+-------+-------+-------++-------
  Melee: Unarmed           |    67 |    23 |       ||    90
         Bite              |     7 |    10 |    16 ||    33
         Punch             |     3 |     7 |    10 ||    20
         Short sword       |       |    85 |   137 ||   222
         Dagger            |       |     1 |       ||     1
 Invoke: Stomp             |       |       |     9 ||     9
    Use: Scroll            |     3 |     4 |     4 ||    11
         Potion            |     1 |     7 |     2 ||    10
   Stab: Sleeping          |     1 |     1 |     1 ||     3
 Armour: Animal skin       |    23 |    36 |       ||    59
         Leather armour    |     3 |    11 |    91 ||   105
  Dodge: Dodged            |    38 |    82 |    85 ||   205
   Form: Beast             |     1 |       |       ||     1

Table legend: (Time is in decaauts)
 A = Elapsed time spent in this place.
 B = Non-inter-level travel time spent in this place.
 C = Inter-level travel time spent in this place.
 D = Time resting spent in this place.
 E = Time spent auto-exploring this place.
 F = Levels seen in this place.
 G = Mean time per level.
                   A        B        C        D        E       F      G
               +--------+--------+--------+--------+--------+-----+--------+
         Total |   7272 |   7058 |    214 |   2097 |   3994 |   8 |  909.0 |
       Dungeon |   7205 |   6991 |    214 |   2097 |   3994 |   7 | 1029.3 |
        Temple |     66 |     66 |      0 |      0 |      0 |   1 |   66.0 |
               +--------+--------+--------+--------+--------+-----+--------+

Top non-repeatable levels by time:
     D:3: 2339 daAuts
     D:5: 1203 daAuts
     D:2: 1032 daAuts
     D:4: 1008 daAuts
     D:1: 917 daAuts
     D:6: 677 daAuts
  Temple: 66 daAuts
     D:7: 25 daAuts
